 Dungeon Crawl Stone Soup version 0.28-a0-317-g21599a725c (webtiles) character file.

Game seed: 7947087000707693884

19 McIrco the Cutter (level 2, 0/20 HPs)
             Began as a Kobold Berserker on Sept 1, 2021.
             Was a Follower of Trog.
             Slain by a jackal (2 damage)
             ... on level 1 of the Dungeon.
             The game lasted 00:00:31 (391 turns).

McIrco the Cutter (Kobold Berserker)                 Turns: 391, Time: 00:00:32

Health: 0/20       AC:  2    Str: 14    XL:     2   Next: 95%
Magic:  2/2        EV: 15    Int:  8    God:    Trog [*.....]
Gold:   23         SH:  0    Dex: 14    Spells: 1/1 levels left

rFire   . . .      SeeInvis .   a - +0 short sword
rCold   . . .      Faith    .   (shield restricted)
rNeg    . . .      Spirit   .   b - +0 animal skin
rPois   .          Reflect  .   (no helmet)
rElec   .          Harm     .   (no cloak)
rCorr   .          Rampage  .   (no gloves)
Will    .....                   (no boots)
Stlth   ++........              (no amulet)
HPRegen 0.06/turn               (no ring)
MPRegen 0.08/turn               (no ring)

@: on berserk cooldown, slowed, very slow
A: small, no large weapons, nightstalker 3
a: Renounce Religion, Berserk


You were on level 1 of the Dungeon.
You worshipped Trog.
Trog was aware of your devotion.
You visited 1 branch of the dungeon, and saw 1 of its levels.

You collected 23 gold pieces.

Inventory:

Hand Weapons
 a - a +0 short sword (weapon)
Armour
 b - a +0 animal skin (worn)
Scrolls
 c - a scroll of torment {unknown}
 d - a scroll of amnesia {unknown}


   Skills:
 + Level 3.8 Fighting
 + Level 4.4 Short Blades
 + Level 1.6 Armour
 + Level 2.7 Dodging


You had one spell level left.
You didn't know any spells.
Your spell library was empty.

Dungeon Overview and Level Annotations

Branches:
Dungeon (1/15)

Altars:


Innate Abilities, Weirdness & Mutations

You are small and have problems with some larger weapons.
You are completely attuned to the shadows.


Message History

You hit the jackal.
You kill the jackal!
Trog accepts your kill. The jackal barely misses you.
The jackal closely misses you.
There is an open door here.
You see here a jackal corpse.
You completely miss the jackal.
The jackal bites you but does no damage. x2
You miss the jackal. The jackal completely misses you. The jackal bites you. x2
You hit the jackal.
You kill the jackal!
Trog accepts your kill. The jackal closely misses you.
The jackal completely misses you. The jackal closely misses you.
The jackal barely misses you.
You feel a strong urge to attack something.
The jackal bites you. x2
* * * LOW HITPOINT WARNING * * *
You closely miss the jackal. The jackal closely misses you. x2
You puncture the jackal!
You kill the jackal!
Trog accepts your kill.
You are no longer berserk.
You are exhausted.
You feel yourself slow down. The jackal misses you. The jackal bites you.
* * * LOW HITPOINT WARNING * * *
You see here a jackal corpse.
You hit the jackal.
The jackal is almost dead.
The jackal bites you.
* * * LOW HITPOINT WARNING * * *
The jackal misses you.
You closely miss the jackal.
The jackal is almost dead.
The jackal barely misses you. The jackal bites you.
* * * LOW HITPOINT WARNING * * *
You closely miss the jackal.
The jackal is almost dead.
The jackal bites you.
You die...

. .....##............
.... #..########## ....
#..# ........##..#
######
.........##..#####....#
..............#........
.........#.#...........
.........#.#....⌠......
.....h@..#.#...........
#####†#..#.#.....><.∩..
#.#..#.#...........
#.#..#......⌠......
#.#......#........#
#.##.######......##
#....# ## ... ######
###


You could see a jackal.

Vanquished Creatures
  A ball python (D:1)
  A bat (D:1)
  A giant cockroach (D:1)
  2 hobgoblins (D:1)
  4 jackals (D:1)
  2 kobolds (D:1)
  A quokka (D:1)
  2 frilled lizards (D:1)
  2 rats (D:1)
16 creatures vanquished.

Notes
Turn   | Place    | Note
-------+----------+-------------------------------------------
     0 | D:1      | McIrco the Kobold Berserker began the quest for the Orb.
     0 | D:1      | Reached XP level 1. HP: 14/14 MP: 1/1
   157 | D:1      | Reached XP level 2. HP: 19/19 MP: 2/2
   391 | D:1      | Slain by a jackal

Illustrated notes

Levels and vault maps discovered:
D:1:      wander_arrival_desolate, layout_basic, minmay_cut_off

Action                   || total
-------------------------++-------
Melee: Short sword       ||    57
Invok: Berserk           ||     1
 Stab: Sleeping          ||     2
Armor: Animal skin       ||     8
Dodge: Dodged            ||    51

Table legend: (Time is in decaauts)
 A = Elapsed time spent in this place.
 B = Non-inter-level travel time spent in this place.
 C = Inter-level travel time spent in this place.
 D = Time resting spent in this place.
 E = Time spent auto-exploring this place.
 F = Levels seen in this place.
 G = Mean time per level.
                   A        B        C        D        E       F      G
               +--------+--------+--------+--------+--------+-----+--------+
         Total |    383 |    383 |      0 |      0 |    280 |   1 |  383.0 |
       Dungeon |    383 |    383 |      0 |      0 |    280 |   1 |  383.0 |
               +--------+--------+--------+--------+--------+-----+--------+

Top non-repeatable levels by time:
     D:1: 383 daAuts
